 Dungeon Crawl Stone Soup version 0.16.2-3-ga078185 (webtiles) character file.

1192 gorblad the Covert (level 8, -3/71 (75) HPs)
             Began as a Naga Assassin on Sept 6, 2015.
             Was an Initiate of Dithmenos.
             Slain by a troll (10 damage)
             ... on level 6 of the Dungeon.
             The game lasted 00:43:10 (7935 turns).

gorblad the Covert (Naga Assassin)                  Turns: 7935, Time: 00:43:10

HP:   -3/71 (75)    AC:  8    Str: 13    XL:     8   Next: 43%
MP:   8/8           EV: 12    Int: 13    God:    Dithmenos [......]
Gold: 333           SH:  0    Dex: 14    Spells: 0 memorised, 7 levels left

rFire  . . .     SeeInvis +     o - +2 spear (venom)
rCold  . . .     Clarity  .     E - +1 robe
rNeg   . . .     SustAb   .     (no shield)
rPois  +         Gourm    .     (no helmet)
rElec  .         Spirit   .     y - +0 cloak
rCorr  .         Warding  .     (no gloves)
rMut   .         Stasis   .     (no barding)
MR     +....                    (no amulet)
Stlth  +++++.....               (no ring)
                                t - +3 ring of protection

@: very slow, somewhat resistant to hostile enchantments, quite stealthy
A: spit poison, see invisible, deformed body, poison resistance, slowness 2, AC
+2
a: Spit Poison, Renounce Religion


You were on level 6 of the Dungeon.
You worshipped Dithmenos.
Dithmenos was noncommittal.
You were not hungry.

You visited 2 branches of the dungeon, and saw 7 of its levels.

You collected 333 gold pieces.

Inventory:

Hand weapons
 a - a +2 dagger
 b - a +0 blowgun
 i - a +0 hunting sling
 j - a +0 dagger
 l - a +0 dagger
 o - a +2 spear of venom (weapon)
 H - a +2 short sword of holy wrath
Missiles
 e - 64 poisoned needles
 f - 2 curare-tipped needles
Armour
 c - a +0 robe
 d - a +0 cloak
 v - a +0 robe
 y - a +0 cloak (worn)
 E - a +1 robe (worn)
Jewellery
 t - a +3 ring of protection (left hand)
Magical devices
 I - a wand of slowing (48)
Scrolls
 h - a scroll of remove curse
 C - 3 scrolls of identify
Potions
 g - a potion of resistance
 m - 2 potions of curing {unknown}
 s - 2 potions of poison {unknown}
 x - 2 potions of cancellation {unknown}
 z - a potion of berserk rage {unknown}
 B - a potion of might {unknown}
Comestibles
 n - 2 meat rations
 w - 4 bread rations
 D - 4 fruits
 F - a royal jelly
 G - a beef jerky


   Skills:
 + Level 5.5 Fighting
 - Level 2.3 Short Blades
 - Level 0.6 Polearms
 - Level 1.9 Throwing
 + Level 5.0 Dodging
 + Level 10.0 Stealth


You had 7 spell levels left.
You didn't know any spells.

Dungeon Overview and Level Annotations

Branches:
Dungeon (6/15)             Temple (1/1) D:5

Altars:
Ashenzari
Cheibriados
Dithmenos
Elyvilon
Fedhas
Gozag
Kikubaaqudgha
Makhleb
Nemelex Xobeh
Okawaru
Qazlal
Ru
Sif Muna
Xom
Yredelemnul
Zin
The Shining One


Innate Abilities, Weirdness & Mutations

You cannot wear boots.
You can spit poison.
Your serpentine skin is tough (AC +2).
You have supernaturally acute eyesight.
Armour fits poorly on your strangely shaped body.
Your system is resistant to poisons.
You cover ground very slowly.


Message History

The troll barely misses you. The troll claws you. The troll claws you.
You completely miss the troll.
The troll is heavily wounded.
The troll misses you. The troll barely misses you.
The troll closely misses you.
You barely miss the troll.
The troll is severely wounded.
The troll bites you! The troll barely misses you.
The troll claws you but does no damage.
You hit the troll but do no damage.
The troll is severely wounded.
The troll bites you. The troll closely misses you. The troll claws you!
* * * LOW HITPOINT WARNING * * *
You are too injured to fight recklessly!
You are too injured to fight recklessly!
You are too injured to fight recklessly!
The troll bites you!
* * * LOW HITPOINT WARNING * * *
The troll claws you!
You die...

......#.........#
......#.........#
......#.........#
#####.#.........#
#####.#.........# .
......'.........# ...
#####.#.........#####....
#####.######..##..........
...............'@........>
#####....###..##.T$.......
#####'##.# #..##........#
.....<...# #...#........#
.........# #.#.#........#
........## #.#.#####+###
........####.#$.
.............##..
)............. ..


You could see a troll.

Vanquished Creatures
  A necrophage (D:5)
  A sky beast (D:4)
  2 centaurs (D:6)
  A giant frog (D:6)
  A scorpion (D:4)
  The ghost of gorblad the Ruffian, a weakling MiMo (D:3)
  2 crimson imps
  A hound (D:5)
  A giant frog zombie (D:5)
  5 orc priests
  3 giant frog skeletons (D:5)
  4 orc wizards
  A hound skeleton (D:4)
  A worker ant zombie (D:5)
  2 adders
  3 gnolls (D:4)
  A shadow imp (D:5)
  3 giant mites
  A worm (D:2)
  5 giant geckos
  An ooze (D:4)
  18 orcs
  9 bats
  2 bat skeletons (D:5)
  2 giant cockroaches
  12 goblins
  5 hobgoblins
  4 quokkas
  4 ball pythons
  2 giant newts
  13 kobolds
  12 rats
124 creatures vanquished.

Notes
Turn   | Place    | Note
--------------------------------------------------------------
     0 | D:1      | gorblad, the Naga Assassin, began the quest for the Orb.
     0 | D:1      | Reached XP level 1. HP: 19/19 MP: 1/1
   136 | D:1      | Reached skill level 6 in Stealth
   336 | D:1      | Reached XP level 2. HP: 6/26 MP: 2/2
   796 | D:2      | Reached skill level 1 in Dodging
  1211 | D:2      | Reached XP level 3. HP: 28/32 MP: 3/3
  1452 | D:2      | Found a stormy altar of Qazlal.
  1453 | D:2      | Noticed an air elemental
  1454 | D:2      | Noticed an earth elemental
  1454 | D:2      | Noticed a water elemental
  1454 | D:2      | Noticed a fire elemental
  1899 | D:3      | Noticed gorblad's ghost (weakling MiMo)
  1913 | D:3      | HP: 1/33 [gorblad's ghost (3)]
  1914 | D:3      | Killed gorblad's ghost
  1914 | D:3      | Reached XP level 4. HP: 1/40 MP: 4/4
  2248 | D:3      | Found a shattered altar of Ashenzari.
  2584 | D:3      | Reached XP level 5. HP: 28/46 MP: 5/5
  3216 | D:3      | Found a snail-covered altar of Cheibriados.
  3740 | D:4      | Reached skill level 7 in Stealth
  3842 | D:4      | Reached XP level 6. HP: 16/56 MP: 6/6
  4058 | D:4      | Found a basalt altar of Yredelemnul.
  4853 | D:4      | Noticed a sky beast
  4864 | D:4      | Killed a sky beast
  4864 | D:4      | Reached skill level 8 in Stealth
  4864 | D:4      | Reached XP level 7. HP: 44/64 MP: 7/7
  5367 | D:5      | Entered Level 5 of the Dungeon
  5443 | D:5      | Found a blossoming altar of Fedhas.
  5490 | D:5      | Found a shadowy altar of Dithmenos.
  5500 | D:5      | Became a worshipper of Dithmenos the Shadowed
  5687 | D:5      | Found a staircase to the Ecumenical Temple.
  6345 | D:5      | Reached skill level 9 in Stealth
  6523 | D:5      | Reached XP level 8. HP: 44/69 MP: 8/8
  6768 | D:5      | Reached skill level 5 in Fighting
  7004 | Temple   | Entered the Ecumenical Temple
  7605 | D:6      | Reached skill level 5 in Dodging
  7605 | D:6      | Reached skill level 10 in Stealth
  7926 | D:6      | Noticed a troll
  7935 | D:6      | Slain by a troll

Action                   |  1- 3 |  4- 6 |  7- 9 || total
-------------------------+-------+-------+-------++-------
Melee: Dagger            |    40 |       |       ||    40
       Spear             |    65 |   196 |   333 ||   594
 Abil: Spit Poison       |       |       |     1 ||     1
  Use: Potion            |     1 |     1 |       ||     2
       Scroll            |       |     1 |     8 ||     9
 Stab: Sleeping          |     2 |     5 |    10 ||    17
       Distracted        |       |       |     1 ||     1
  Eat: Chunk             |     1 |       |     2 ||     3
       Beef jerky        |     1 |       |       ||     1
       Bread ration      |       |     1 |     1 ||     2
       Fruit             |       |     1 |     2 ||     3
       Meat ration       |       |     1 |       ||     1
       Royal jelly       |       |       |     1 ||     1
